[Event "*** Titled Tuesday Blitz"]
[Site "Chess.com"]
[Date "2020.10.20"]
[Round "9"]
[White "niki_2003"]
[Black "PawnEatingZombie"]
[Result "1-0"]
[WhiteElo "1864"]
[BlackElo "2132"]
[TimeControl "180+1"]
[EndTime "11:44:41 PDT"]
[Termination "niki_2003 won by resignation"]

1. d4 d5 2. c4 e6 3. Nc3 Bb4 4.
Nf3 dxc4 5. e3 b5 6. a3 Ba5 7. Be2 Bb7 8. O-O a6 9. a4 c6 10. Qc2 Nf6 11. b3 cxb3 12. Qxb3 b4 13. Na2 c5 14. dxc5 Nbd7 15. Nxb4 Nxc5 16. Qa3 O-O 17. Rd1 Qe7 18. Nd3 Rfc8 19. Bb2 Kf8 20. Nxc5 Qxc5 21. Qxc5+ Rxc5 22. Ba3 Bb6 23. Rab1 1-0

[Event "*** Titled Tuesday Blitz"]
[Site "Chess.com"]
[Date "2020.10.20"]
[Round "9"]
[White "WiktoriaPOL"]
[Black "LaPorfia"]
[Result "1-0"]
[WhiteElo "2091"]
[BlackElo "2297"]
[TimeControl "180+1"]
[EndTime "11:44:42 PDT"]
[Termination "WiktoriaPOL won by resignation"]

1. c4 c5 2. Nf3 Nc6 3. Nc3 g6 4. e3 Nf6 5. d4 cxd4 6. exd4 d5 7.
Bg5 Ne4 8. Nxd5 Nxg5 9. Nxg5 e6 10. Qf3 Qxg5 11. Nc7+ Kd7 12. Qxf7+ Be7 13. Nxa8 Rf8 14. Qxh7 Nxd4 15. Bd3 Kd8 16. O-O Nf3+ 17. Kh1 Ne5 18. f4 1-0

[Event "*** Titled Tuesday Blitz"]
[Site "Chess.com"]
[Date "2020.10.20"]
[Round "9"]
[White "Euwe1234"]
[Black "doons21"]
[Result "1-0"]
[WhiteElo "2389"]
[BlackElo "2542"]
[TimeControl "180+1"]
[EndTime "11:44:43 PDT"]
[Termination "Euwe1234 won by checkmate"]

1. d4 Nf6 2. Nf3 g6 3. c4 Bg7 4.
Nc3 O-O 5. e4 d6 6. Be2 e5 7.
O-O Nbd7 8. dxe5 dxe5 9. Qc2 c6 10. Rd1 Qe7 11. Be3 Ng4 12. Bc1 a5 13. h3 Ngf6 14. Be3 Nh5 15. Na4 Nf4 16. Bf1 Qf6 17. g3 Ne6 18.
Bg2 h5 19. c5 g5 20. h4 g4 21. Ng5 Nd4 22. Bxd4 exd4 23. e5 Nxe5 24. Qh7# 1-0

[Event "*** Titled Tuesday Blitz"]
[Site "Chess.com"]
[Date "2020.10.20"]
[Round "9"]
[White "AniJak"]
[Black "PauloCesarCosta_sad"]
[Result "0-1"]
[WhiteElo "2375"]
[BlackElo "2279"]
[TimeControl "180+1"]
[EndTime "11:44:45 PDT"]
[Termination "PauloCesarCosta_sad won by resignation"]

1. e4 e6 2. d4 d5 3. Nd2 Nf6 4. e5 Nfd7 5. Bd3 c5 6. c3 Nc6 7. Ne2 Qb6 8. Nf3 cxd4 9. cxd4 f6 10. exf6 Nxf6 11. O-O Bd6 12. g3 O-O 13. Bf4 Bxf4 14. Nxf4 Qxb2 15. Re1 g6 16. Re2 Qc3 17. Rc1 Qa3 18.
Nxe6 Bxe6 19. Rxe6 Ne4 20. Bxe4 dxe4 21. Ng5 Qxa2 22.
Nxe4 Qxe6 23. Nc5 Qf7 24. f4 Rad8 25. h4 Nxd4 26. Qg4 Qf5 27. Qxf5 Rxf5 28. Nxb7 Ne2+ 0-1

[Event "*** Titled Tuesday Blitz"]
[Site "Chess.com"]
[Date "2020.10.20"]
[Round "9"]
[White "LubovMarkelova"]
[Black "RobPeresian"]
[Result "0-1"]
[WhiteElo "2233"]
[BlackElo "2407"]
[TimeControl "180+1"]
[EndTime "11:44:47 PDT"]
[Termination "RobPeresian won by resignation"]

1. Nf3 d5 2. d4 Nf6 3. c4 c6 4.
e3 a6 5. Bd3 Bg4 6. b3 Nbd7 7.
Nbd2 e6 8. Bb2 Bb4 9. O-O Bxd2 10. Qxd2 Bxf3 11. gxf3 O-O 12. Kh1 Nh5 13. Rg1 f5 14. e4 fxe4 15. fxe4 Qh4 16. Qg5 Qxg5 17. Rxg5 Nf4 18. Bf1 Nf6 19. e5 Ne4 20. Rg2 Nxg2 21. Kxg2 Rxf2+ 0-1

[Event "*** Titled Tuesday Blitz"]
[Site "Chess.com"]
[Date "2020.10.20"]
[Round "9"]
[White "arminmusovic"]
[Black "Bulldog167"]
[Result "0-1"]
[WhiteElo "2579"]
[BlackElo "2761"]
[TimeControl "180+1"]
[EndTime "11:44:48 PDT"]
[Termination "Bulldog167 won by resignation"]

1. a3 e5 2. Nc3 Nc6 3. e4 Bc5 4. Nf3 d6 5. h3 Nge7 6. Bc4 O-O 7. d3 h6 8. Be3 Bb6 9. O-O Be6 10. Bxe6 fxe6 11.
Bxb6 axb6 12. d4 Qe8 13. dxe5 dxe5 14. Nb5 Rc8 15. c3 Ng6 16. Nh2 Nf4 17. Qg4 Rf6 18.
g3 Rg6 19. Qh4 Rg5 20. g4 Qg6 21. Kh1 Qxe4+ 22. f3 Qe2 23. Rf2 Qxb5 24. Rg1 Rd8 25. Qg3 Ne2 26. h4 0-1

[Event "*** Titled Tuesday Blitz"]
[Site "Chess.com"]
[Date "2020.10.20"]
[Round "9"]
[White "Kaslask"]
[Black "Gerodot71"]
[Result "0-1"]
[WhiteElo "2304"]
[BlackElo "2460"]
[TimeControl "180+1"]
[EndTime "11:44:51 PDT"]
[Termination "Gerodot71 won by resignation"]

1. d4 Nf6 2. c4 e6 3. Nf3 d5 4.
Nc3 Bb4 5. cxd5 exd5 6. Bg5 h6 7. Bxf6 Qxf6 8. Qb3 Nc6 9. e3 O-O 10. Bb5 Bxc3+ 11. bxc3 Qg6 12. Qxd5 Be6 13. Qc5 Qxg2 14. Ke2 Bg4 15. Bxc6 bxc6 16. Qxc6 Rab8 17. Rab1 Bf5 18. Rxb8 Rxb8 19. Rd1 Rb2+ 20. Rd2 Rxd2+ 21. Nxd2 Qxc6 0-1

[Event "*** Titled Tuesday Blitz"]
[Site "Chess.com"]
[Date "2020.10.20"]
[Round "9"]
[White "Anna_ChessMate"]
[Black "RobertoJBM"]
[Result "0-1"]
[WhiteElo "2541"]
[BlackElo "2685"]
[TimeControl "180+1"]
[EndTime "11:44:57 PDT"]
[Termination "RobertoJBM won by resignation"]

1. d4 d5 2. c4 c6 3. Nf3 Nf6 4. Nc3 dxc4 5. a4 Bf5 6. Ne5 Nbd7 7. Nxc4 Nb6 8. Ne5 a5 9. f3 Nfd7 10. Nxd7 Nxd7 11. e4 Bg6 12. Be3 Qb6 13. Qd2 e5 14.
dxe5 Bc5 15. Rd1 O-O-O 16. Bg5 f6 17. exf6 gxf6 18. Bf4 Ne5 19. Qc2 Rxd1+ 20. Nxd1 Rd8 21. Nc3 Be3 22. Bxe3 Qxe3+ 23. Be2 Nd3+ 24. Kd1 Nb4+ 25. Ke1 Nxc2+ 26. Kf1 Nd4 27. Bc4 b5 28. axb5 cxb5 29. Ba2 Nc2 0-1

[Event "*** Titled Tuesday Blitz"]
[Site "Chess.com"]
[Date "2020.10.20"]
[Round "9"]
[White "elohunter1999"]
[Black "BanjoKazooieN64"]
[Result "1-0"]
[WhiteElo "2520"]
[BlackElo "2384"]
[TimeControl "180+1"]
[EndTime "11:45:02 PDT"]
[Termination "elohunter1999 won by checkmate"]

1. e4 e5 2. Nf3 Nc6 3. Bb5 f5 4. d3 fxe4 5. dxe4 Nf6 6. O-O Bc5 7. Bxc6 bxc6 8. Nxe5 O-O 9. Nc3 d6 10. Na4 Qe8 11.
Nd3 Bg4 12. Qe1 Bd4 13. c3 Bb6 14. Nxb6 axb6 15. f3 Be6 16. a3 Bc4 17. Qd1 Nxe4 18. fxe4 Rxf1+ 19. Qxf1 Qxe4 20. Nf2 Qd5 21. Qd1 Qc5 22.
Qd4 Qxd4 23. cxd4 Re8 24. Bd2 Re2 25. Bc3 d5 26. Re1 Rc2 27. h4 Kf7 28. Ng4 Bb3 29.
Ne5+ Kf6 30. Nxc6 Kf5 31. Kh2 Ba4 32. Ne7+ Kg4 33. Nxd5 Kxh4 34. Re5 Bc6 35. Be1+ Kg4 36. Ne3+ Kf4 37. Bg3# 1-0

[Event "*** Titled Tuesday Blitz"]
[Site "Chess.com"]
[Date "2020.10.20"]
[Round "9"]
[White "NotFischer"]
[Black "Cocaino74"]
[Result "1-0"]
[WhiteElo "2267"]
[BlackElo "2354"]
[TimeControl "180+1"]
[EndTime "11:45:06 PDT"]
[Termination "NotFischer won by resignation"]

1. e4 c5 2. Nc3 Nc6 3. g3 g6 4. Bg2 Bg7 5. d3 e6 6. f4 Nge7 7. Nf3 d5 8. O-O O-O 9. Bd2 Rb8 10. e5 b5 11. a3 a5 12. a4 b4 13. Nb5 Ba6 14.
Nd6 Nf5 15. Nxf5 exf5 16. b3 f6 17. Re1 Re8 18. e6 Qd6 19. Nh4 Rxe6 20. Rxe6 Qxe6 21. Qf3 Nd4 22. Qxd5 Qxd5 23. Bxd5+ Kf8 24. Be3 Rd8 25. Bxd4 cxd4 26. Bc4 Bb7 27. Kf2 Re8 28. Re1 Rxe1 29. Kxe1 g5 30. Nxf5 1-0

[Event "*** Titled Tuesday Blitz"]
[Site "Chess.com"]
[Date "2020.10.20"]
[Round "9"]
[White "davigator"]
[Black "Sokoloco"]
[Result "0-1"]
[WhiteElo "2360"]
[BlackElo "2484"]
[TimeControl "180+1"]
[EndTime "11:45:08 PDT"]
[Termination "Sokoloco won by resignation"]

1. e4 g6 2. d4 Bg7 3. Nc3 d6 4. Be3 a6 5. Qd2 b5 6. O-O-O Bb7 7. f3 Nd7 8. Kb1 c5 9. Nce2 cxd4 10. Bxd4 Ngf6 11. Nc1 O-O 12. Bd3 Nc5 13. Nge2 Qc7 14. h4 h5 15. Nb3 Rac8 16. Nec1 e5 17. Be3 Na4 18. Bh6 d5 19. Bxg7 Kxg7 20. Qg5 dxe4 21. fxe4 Nxe4 22. Qe3 Nec3+ 23. bxc3 Qxc3 0-1

[Event "*** Titled Tuesday Blitz"]
[Site "Chess.com"]
[Date "2020.10.20"]
[Round "9"]
[White "night_player"]
[Black "MashaFromRussia"]
[Result "0-1"]
[WhiteElo "2263"]
[BlackElo "2400"]
[TimeControl "180+1"]
[EndTime "11:45:17 PDT"]
[Termination "MashaFromRussia won by resignation"]

1. e4 c5 2. c3 d5 3. exd5 Qxd5 4. d4 Nc6 5. Nf3 Bf5 6. Be3 e6 7. Be2 Nf6 8. O-O Be7 9. dxc5 O-O 10. b4 Qxd1 11.
Rxd1 Nd5 12. Bc1 Bxb1 13. Rxd5 exd5 14. Rxb1 Bf6 15. Bd2 Rfe8 16. Kf1 Rad8 17. Bb5 a6 18. Ba4 d4 19. cxd4 Bxd4 20. Nxd4 Rxd4 21. Be3 Rc4 22.
g3 h6 23. Kg2 Rd8 24. Rb2 Rxb4 25. Rc2 Rxa4 0-1

[Event "*** Titled Tuesday Blitz"]
[Site "Chess.com"]
[Date "2020.10.20"]
[Round "9"]
[White "As0nchess"]
[Black "Chessalary"]
[Result "1-0"]
[WhiteElo "2621"]
[BlackElo "2369"]
[TimeControl "180+1"]
[EndTime "11:45:19 PDT"]
[Termination "As0nchess won by resignation"]

1. e4 c6 2. d4 d5 3. Nd2 dxe4 4.
Nxe4 Nd7 5. Nf3 Ngf6 6. Ng3 g6 7. Bc4 Bg7 8. Qe2 O-O 9. Bg5 h6 10. Bd2 b6 11. O-O-O Bb7 12. h4 c5 13. h5 g5 14. Nf5 Re8 15. Nxg7 Kh7 16. Nxe8 Qxe8 17. Bxg5 hxg5 18. Nxg5+ Kh8 19. Nxf7+ Kg7 20. Qe3 Bd5 21. Bxd5 Nxd5 22. Qg5+ Kxf7 23. Qxd5+ e6 24. Qf3+ Nf6 25. dxc5 bxc5 26. h6 Rb8 27. h7 Qb5 28. b3 Qa5 29. Rh6 1-0

[Event "*** Titled Tuesday Blitz"]
[Site "Chess.com"]
[Date "2020.10.20"]
[Round "9"]
[White "GMKrikor"]
[Black "Firouzja2003"]
[Result "1-0"]
[WhiteElo "2813"]
[BlackElo "2986"]
[TimeControl "180+1"]
[EndTime "11:45:22 PDT"]
[Termination "GMKrikor won by resignation"]

1. e4 c5 2. Nf3 d6 3. d4 cxd4 4. Nxd4 Nf6 5. Nc3 a6 6. Be3 e6 7. f3 Nbd7 8. Qd2 b5 9. a3 Bb7 10. g4 Nb6 11. Nb3 Qc7 12. g5 Nfd7 13. Na5 Bc8 14.
O-O-O Ne5 15. Be2 Be7 16. f4 Nec4 17. Bxc4 Nxc4 18. Nxc4 Qxc4 19. Qf2 Bb7 20. Rd4 Qc6 21. Rhd1 a5 22. f5 b4 23. axb4 axb4 24. Rxb4 O-O 25.
f6 Bd8 26. fxg7 Re8 27. Rf1 Ra1+ 28. Nb1 Re7 29. g6 hxg6 30. Qh4 Qxc2+ 31. Kxc2 Rc7+ 32. Nc3 Bxh4 33. Rxa1 Bf6 34. Ra7 1-0

[Event "*** Titled Tuesday Blitz"]
[Site "Chess.com"]
[Date "2020.10.20"]
[Round "9"]
[White "TC2304"]
[Black "AsaHoffmann"]
[Result "0-1"]
[WhiteElo "2254"]
[BlackElo "2379"]
[TimeControl "180+1"]
[EndTime "11:45:23 PDT"]
[Termination "AsaHoffmann won by resignation"]

1. d4 Nf6 2. Bg5 e6 3. e4 d6 4. Nd2 Be7 5. Bd3 c6 6. Qe2 Nbd7 7. f4 d5 8. e5 Ng8 9. Bxe7 Nxe7 10. Ngf3 c5 11. c3 Qb6 12. Rb1 g6 13. O-O Nc6 14. Qf2 cxd4 15. cxd4 a6 16. Nb3 Nb4 17. Be2 Nxa2 18. g4 Qxb3 19. f5 gxf5 20. gxf5 Nb6 21. fxe6 Bxe6 22. Ng5 O-O-O 23. Nxf7 Rhg8+ 24. Kh1 Rdf8 25. Nd6+ Kb8 26. Qxf8+ Rxf8 27. Rxf8+ Ka7 28. Re8 Nc3 29. Re1 Nxe2 30. Rxe2 Qd1+ 0-1

[Event "*** Titled Tuesday Blitz"]
[Site "Chess.com"]
[Date "2020.10.20"]
[Round "9"]
[White "AliKa2810"]
[Black "Tenamu"]
[Result "0-1"]
[WhiteElo "2567"]
[BlackElo "2425"]
[TimeControl "180+1"]
[EndTime "11:45:30 PDT"]
[Termination "Tenamu won by resignation"]

1. d4 e6 2. e4 Nf6 3. e5 Nd5 4. c4 Nb6 5. Nc3 d6 6. Nf3 Be7 7. Bd3 Nc6 8. exd6 cxd6 9. Qe2 O-O 10. h4 h6 11. h5 Bd7 12. Rh3 f5 13. Rg3 Kh7 14. d5 exd5 15. cxd5 Nb4 16. Nd4 Bf6 17.
Nxf5 Nxd3+ 18. Qxd3 Kh8 19. Nxd6 Qe7+ 20. Nde4 Bxc3+ 21. bxc3 Rae8 22. f3 Qh4 23. Be3 Rxe4 24. Qxe4 Qxg3+ 25. Bf2 Qg5 26. g4 Re8 0-1

[Event "*** Titled Tuesday Blitz"]
[Site "Chess.com"]
[Date "2020.10.20"]
[Round "9"]
[White "SanchezKelvin"]
[Black "Chernobay_Artem"]
[Result "0-1"]
[WhiteElo "2417"]
[BlackElo "2590"]
[TimeControl "180+1"]
[EndTime "11:45:31 PDT"]
[Termination "Chernobay_Artem won by resignation"]

1. e4 e6 2. d4 d5 3. Nc3 Nc6 4. Bb5 dxe4 5. Nxe4 Qd5 6. Bxc6+ Qxc6 7. Qe2 b6 8. Nf3 Bb7 9. Nc3 O-O-O 10. Bd2 Nf6 11. O-O-O Bb4 12. Ne5 Qe8 13. Nf3 Bxc3 14. Bxc3 Ne4 15.
Be1 Qa4 16. Kb1 f6 17. Qe3 e5 18. b3 Qa3 19. d5 Bxd5 20. Rxd5 Rxd5 21. c4 Rd1+ 22.
Kc2 Rhd8 0-1

[Event "*** Titled Tuesday Blitz"]
[Site "Chess.com"]
[Date "2020.10.20"]
[Round "9"]
[White "Mazetovic"]
[Black "Brave_spirit12"]
[Result "1-0"]
[WhiteElo "2737"]
[BlackElo "2472"]
[TimeControl "180+1"]
[EndTime "11:45:36 PDT"]
[Termination "Mazetovic won by resignation"]

1. e4 e6 2. Nf3 d5 3. e5 c5 4. b4 cxb4 5. d4 Nc6 6. a3 f6 7.
axb4 fxe5 8. b5 Nxd4 9. Nxe5 Nf5 10. Bd3 Nf6 11. O-O Bd6 12. Bb2 O-O 13. Nd2 Qc7 14.
Re1 Bd7 15. Ndf3 a6 16. bxa6 bxa6 17. Qe2 Rae8 18. Rxa6 Bc5 19. Nxd7 Qxd7 20. Rxe6 Ne4 21. Rxe8 Bxf2+ 22. Qxf2 Nxf2 23. Rxf8+ Kxf8 24. Ba3+ Kg8 25. Bxf5 Qxf5 26. Re8+ 1-0

[Event "*** Titled Tuesday Blitz"]
[Site "Chess.com"]
[Date "2020.10.20"]
[Round "9"]
[White "Triumphmate"]
[Black "shineatchess"]
[Result "1-0"]
[WhiteElo "2426"]
[BlackElo "2213"]
[TimeControl "180+1"]
[EndTime "11:45:43 PDT"]
[Termination "Triumphmate won by resignation"]

1. e4 Nf6 2. Nc3 d5 3. exd5 Nxd5 4. Bc4 Nb6 5. Bb3 Nc6 6. Nf3 Bf5 7. d3 e6 8. Be3 Be7 9. O-O O-O 10. h3 h6 11.
Qd2 a5 12. a4 Nd5 13. Nxd5 exd5 14. c3 Bf6 15. Rae1 Ne7 16. Bc5 Re8 17. Qf4 Bg6 18.
Ne5 b6 19. Bxe7 Rxe7 20. Nc6 Rxe1 21. Nxd8 Rxf1+ 22. Kxf1 Bxd3+ 23. Ke1 Rxd8 24. Qxc7 Re8+ 25. Kd2 Be4 26. f3 Bg5+ 27. Kd1 Bd3 28. Bxd5 Bf1 29.
Qxf7+ 1-0

[Event "*** Titled Tuesday Blitz"]
[Site "Chess.com"]
[Date "2020.10.20"]
[Round "9"]
[White "bazar-wokzal"]
[Black "JoachimMouhamad"]
[Result "1-0"]
[WhiteElo "2490"]
[BlackElo "2281"]
[TimeControl "180+1"]
[EndTime "11:45:45 PDT"]
[Termination "bazar-wokzal won by checkmate"]

1. e4 e5 2. Bc4 Nf6 3. d3 c6 4. Nf3 Be7 5. O-O d6 6. Nc3 O-O 7. a4 Bg4 8. h3 Bxf3 9. Qxf3 Nbd7 10. a5 Nc5 11. b4 Ne6 12. b5 Nd4 13. Qd1 Nd7 14. a6 bxa6 15. bxc6 Nxc6 16. Nd5 Bg5 17. Ba3 Nc5 18. Bxc5 dxc5 19. Rxa6 Nd4 20. f4 exf4 21. Nxf4 Rb8 22. c3 Bxf4 23. Rxf4 Rb1 24. Qxb1 Ne2+ 25.
Kh1 Nxf4 26. Rxa7 Qg5 27. Qf1 Qg3 28. Qf3 Qe1+ 29. Kh2 Ne2 30. Qxf7+ Rxf7 31. Ra8# 1-0

[Event "*** Titled Tuesday Blitz"]
[Site "Chess.com"]
[Date "2020.10.20"]
[Round "9"]
[White "AndrewMaco"]
[Black "Chessmatus"]
[Result "0-1"]
[WhiteElo "2614"]
[BlackElo "2395"]
[TimeControl "180+1"]
[EndTime "11:45:54 PDT"]
[Termination "Chessmatus won by resignation"]

1. e4 c5 2. Nf3 d6 3. d4 cxd4 4. Nxd4 Nf6 5. Nc3 a6 6. f3 e5 7.
Nb3 Be7 8. Be3 h5 9. Qd2 Be6 10. Nd5 Bxd5 11. exd5 Nbd7 12. Be2 Qc7 13. c4 a5 14. Rc1 O-O 15. O-O Rfe8 16. Na1 e4 17. Nc2 exf3 18. gxf3 Bf8 19. Bd4 g6 20. Na3 Ne5 21. Nb5 Qd7 22. b3 Bg7 23. Rce1 Re7 24. Bd1 Rae8 25. Qxa5 h4 26. Qb6 Nxf3+ 27. Bxf3 Rxe1 28.
Qxd6 Rxf1+ 29. Kxf1 Qh3+ 30. Bg2 Qd3+ 31. Kg1 Re1+ 32.
Kf2 Qd2+ 33. Kf3 Qe2+ 34. Kf4 Nh5+ 35. Kg5 Qxg2+ 0-1

[Event "*** Titled Tuesday Blitz"]
[Site "Chess.com"]
[Date "2020.10.20"]
[Round "9"]
[White "Goryachkina"]
[Black "UKR_Master"]
[Result "1-0"]
[WhiteElo "2656"]
[BlackElo "2456"]
[TimeControl "180+1"]
[EndTime "11:45:57 PDT"]
[Termination "Goryachkina won by resignation"]

1. e4 c5 2. Nf3 d6 3. c3 Nf6 4. Be2 Nc6 5. d4 cxd4 6. cxd4 g6 7. Nc3 Bg7 8. O-O O-O 9. h3 Bd7 10. Be3 e5 11. d5 Ne7 12. Nd2 a6 13. Nc4 Nc8 14.
a4 b6 15. Qb3 Rb8 16. Qb4 Ne8 17. Rac1 f5 18. exf5 gxf5 19. f4 e4 20. a5 b5 21. Nb6 Nf6 22. Rfd1 Qe7 23. Na2 Nxb6 24. axb6 Qf7 25. Qb3 Rfc8 26. Rxc8+ Rxc8 27. Nc3 Bf8 28. Qa3 Rb8 29. Qxa6 b4 30. Na2 Nxd5 31. Rxd5 Be6 32. Nxb4 Bxd5 33. Nxd5 Qb7 34. Qxb7 Rxb7 35. Ba6 1-0

[Event "*** Titled Tuesday Blitz"]
[Site "Chess.com"]
[Date "2020.10.20"]
[Round "9"]
[White "KatarinaOstojic"]
[Black "NeverW84M8"]
[Result "1/2-1/2"]
[WhiteElo "2349"]
[BlackElo "2458"]
[TimeControl "180+1"]
[EndTime "11:45:59 PDT"]
[Termination "Game drawn by repetition"]

1. d4 Nf6 2. Nf3 g6 3. Bg5 Bg7 4. Nbd2 O-O 5. c3 b6 6. e4 Bb7 7. e5 Ne4 8. Nxe4 Bxe4 9. Bd3 Bxd3 10. Qxd3 f6 11. exf6 exf6 12. Bf4 Re8+ 13. Be3 d5 14. O-O Nd7 15. h3 f5 16. Bg5 Bf6 17. Qd2 Bxg5 18.
Nxg5 Nf6 19. Rfe1 Qd6 20. Rxe8+ Rxe8 21. Re1 Rxe1+ 22. Qxe1 Ne4 23. Nxe4 dxe4 24. Qe2 Qd5 25. Qa6 c5 26. dxc5 bxc5 27. Qxa7 Qd1+ 28. Kh2 Qd6+ 29. Kg1 Qd1+ 30. Kh2 Qd6+ 31. Kg1 h5 32. Qa8+ Kg7 33. Qb7+ Kf6 34. a4 Qd1+ 35. Kh2 Qd6+ 36. Kg1 h4 37. a5 Qd1+ 38. Kh2 Qd6+ 39. Kg1 Qd1+ 40. Kh2 Qd6+ 41. Kg1 1/2-1/2

[Event "*** Titled Tuesday Blitz"]
[Site "Chess.com"]
[Date "2020.10.20"]
[Round "9"]
[White "Volodar_Murzin"]
[Black "witcher8"]
[Result "1-0"]
[WhiteElo "2613"]
[BlackElo "2435"]
[TimeControl "180+1"]
[EndTime "11:46:00 PDT"]
[Termination "Volodar_Murzin won on time"]

1. e4 c6 2. d4 d5 3. f3 e6 4. Nc3 Bb4 5. a3 Ba5 6. b4 Bc7 7. Be3 Nf6 8. e5 Nfd7 9. f4 b6 10.
Bd3 c5 11. bxc5 bxc5 12. Nf3 Ba6 13. f5 Bxd3 14. Qxd3 cxd4 15. fxe6 fxe6 16. Nxd4 Bxe5 17. Nxe6 Qf6 18. Nd4 Nc5 19. Qb5+ Nbd7 20. O-O-O Rb8 21. Nxd5 Qd6 22. Qc6 Nd3+ 23. Rxd3 1-0

[Event "*** Titled Tuesday Blitz"]
[Site "Chess.com"]
[Date "2020.10.20"]
[Round "9"]
[White "ChessQueen"]
[Black "Rodalquilar"]
[Result "1-0"]
[WhiteElo "2720"]
[BlackElo "2707"]
[TimeControl "180+1"]
[EndTime "11:46:01 PDT"]
[Termination "ChessQueen won by resignation"]

1. e4 d5 2. exd5 Qxd5 3. Nc3 Qa5 4. d4 Nf6 5. Nf3 Bf5 6. Bc4 e6 7. Bd2 Bb4 8. a3 Bxc3 9. Bxc3 Qb6 10. Qe2 O-O 11. Bb4 Re8 12. O-O-O Ne4 13. g4 Bg6 14. h4 a5 15. Bc5 Nxc5 16. dxc5 Qxc5 17. h5 b5 18. hxg6 bxc4 19. gxh7+ Kh8 20. Ne5 Rf8 21.
Rd8 Qe7 22. Rxf8+ Qxf8 23. Qf3 Nd7 24. Nxf7+ Qxf7 25. Qxf7 1-0

[Event "*** Titled Tuesday Blitz"]
[Site "Chess.com"]
[Date "2020.10.20"]
[Round "9"]
[White "MaxLeto"]
[Black "Sn00pPawn"]
[Result "0-1"]
[WhiteElo "2308"]
[BlackElo "2029"]
[TimeControl "180+1"]
[EndTime "11:46:02 PDT"]
[Termination "Sn00pPawn won by resignation"]

1. e4 c5 2. Nf3 d6 3. d4 cxd4 4. Nxd4 Nf6 5. Nc3 a6 6. h3 e5 7. Nde2 Be7 8. g4 O-O 9. g5 Ne8 10. h4 Be6 11. Nd5 Nc6 12. Be3 b5 13. Qd2 Rb8 14.
O-O-O Bxd5 15. Qxd5 Nb4 16. Qb3 a5 17. Nc3 d5 18. Nxd5 a4 19. Nxe7+ Qxe7 20. Qa3 Rc8 21. c3 Rxc3+ 22. bxc3 Nd3+ 23. Bxd3 Qxa3+ 24. Kd2 Qxa2+ 25. Bc2 Nd6 26. Ke1 0-1

[Event "*** Titled Tuesday Blitz"]
[Site "Chess.com"]
[Date "2020.10.20"]
[Round "9"]
[White "tylityli"]
[Black "Caterpiller35"]
[Result "1/2-1/2"]
[WhiteElo "2250"]
[BlackElo "2423"]
[TimeControl "180+1"]
[EndTime "11:46:10 PDT"]
[Termination "Game drawn by repetition"]

1. d4 Nf6 2. c4 e6 3. Nc3 Bb4 4. e3 Ne4 5. Ne2 b6 6. Qc2 Bb7 7. a3 Bxc3+ 8. Nxc3 f5 9. Be2 O-O 10.
O-O d6 11. f3 Nxc3 12. Qxc3 Nd7 13. b4 c5 14. Rd1 Qe7 15. Bb2 cxd4 16. Qxd4 d5 17.
cxd5 exd5 18. Rac1 Nf6 19. Bd3 Rae8 20. Kf2 Qd6 21.
g3 Rf7 22. Bxf5 Ref8 23. Kg2 Nd7 24. Bg4 Nf6 25. Bf5 Nd7 26. Bg4 Nf6 27. Bf5 1/2-1/2

[Event "*** Titled Tuesday Blitz"]
[Site "Chess.com"]
[Date "2020.10.20"]
[Round "9"]
[White "Flawless_Fighter"]
[Black "TimofeevAr"]
[Result "0-1"]
[WhiteElo "2573"]
[BlackElo "2782"]
[TimeControl "180+1"]
[EndTime "11:46:11 PDT"]
[Termination "TimofeevAr won by resignation"]

1. d4 Nf6 2. c4 g6 3. Nc3 d5 4. e3 Bg7 5. Nf3 O-O 6. Bd2 e6 7. Rc1 Nc6 8. Be2 Ne7 9. O-O Nf5 10. Bd3 Nd6 11. b3 a5 12. Qe2 Nfe4 13. Rfd1 Nxd2 14. Rxd2 c6 15. e4 dxe4 16. Nxe4 Nf5 17. Bb1 a4 18. Rcd1 axb3 19. axb3 Qa5 20. g4 Ne7 21. g5 Qb4 22. Qe3 Nf5 23. Nf6+ Bxf6 24. Bxf5 Bg7 25. Bc2 b5 26.
Be4 Ra3 27. Rd3 bxc4 28. bxc4 Rxd3 29. Rxd3 Qxc4 30. Rc3 Qb4 31. Ne5 Bb7 32. Bxc6 Bxe5 33. dxe5 Qg4+ 34. Kh1 Rd8 35. Rd3 Bxc6+ 0-1

[Event "*** Titled Tuesday Blitz"]
[Site "Chess.com"]
[Date "2020.10.20"]
[Round "9"]
[White "bascheyaro"]
[Black "AryanTari"]
[Result "0-1"]
[WhiteElo "2736"]
[BlackElo "2865"]
[TimeControl "180+1"]
[EndTime "11:46:13 PDT"]
[Termination "AryanTari won by checkmate"]

1. d4 Nf6 2. Bf4 d5 3. e3 Bf5 4. Nf3 e6 5. Ne5 Bd6 6. Nd2 O-O 7.
Bd3 Nbd7 8. g4 Bxe5 9. dxe5 Nxg4 10. h3 Ngxe5 11. Bxf5 exf5 12. Nf3 Ng6 13. Bg5 Nf6 14. Qd4 c5 15. Qxc5 Rc8 16. Qxa7 Rxc2 17. Qd4 h6 18. Bxf6 Qxf6 19. Qxf6 gxf6 20. Nd4 Rxb2 21.
Nxf5 Ne5 22. O-O Ra8 23. Nxh6+ Kh7 24. Nf5 Rg8+ 25. Kh1 Nf3 26. Rab1 Rxa2 27. Rxb7 Rxf2 28. Rxf7+ Kh8 29. Rxf2 Rg1# 0-1

[Event "*** Titled Tuesday Blitz"]
[Site "Chess.com"]
[Date "2020.10.20"]
[Round "9"]
[White "cstevens1"]
[Black "szachuspl"]
[Result "1-0"]
[WhiteElo "2674"]
[BlackElo "2532"]
[TimeControl "180+1"]
[EndTime "11:46:14 PDT"]
[Termination "cstevens1 won by resignation"]

1. e4 c5 2. Nf3 a6 3. c3 d5 4.
exd5 Nf6 5. d4 cxd4 6. c4 e6 7. dxe6 Bxe6 8. Qxd4 Qa5+ 9. Bd2 Qc7 10. Bf4 Qa5+ 11.
Nc3 Nc6 12. Qd2 Bb4 13. Bd3 O-O 14. O-O Rad8 15. Qc2 Bxc3 16. bxc3 Qc5 17. Ng5 Bxc4 18. Bxh7+ Kh8 19. Rfe1 Rd5 20. Ne4 Nxe4 21. Bxe4 Rh5 22. Rad1 Be6 23. Bd6 Qg5 24. Bxf8 Rh4 25. Bd6 g6 26. Bg3 Rh7 27. Qd2 Qf6 28. Bxc6 1-0

[Event "*** Titled Tuesday Blitz"]
[Site "Chess.com"]
[Date "2020.10.20"]
[Round "9"]
[White "Barmen_EV"]
[Black "FredyMatsuura"]
[Result "1-0"]
[WhiteElo "2525"]
[BlackElo "2391"]
[TimeControl "180+1"]
[EndTime "11:46:14 PDT"]
[Termination "Barmen_EV won by resignation"]

1. d4 e6 2. c4 d5 3. Nc3 Nf6 4. cxd5 exd5 5. Bg5 c6 6. e3 Be7 7. Bd3 Nbd7 8. Qc2 Nh5 9. Bxe7 Qxe7 10. Nge2 g6 11.
O-O-O Nb6 12. Kb1 Bd7 13. Rc1 O-O-O 14. Na4 Nxa4 15. Qxa4 Kb8 16. Rc3 Bc8 17. Rhc1 Nf6 18. Ra3 a6 19. Rb3 Ka7 20. Rc5 Ne4 21. Ra5 Nd2+ 22.
Ka1 Nxb3+ 23. Qxb3 Qg5 24. g3 Rhe8 25. Nc3 h5 26.
Na4 Qe7 27. Qb6+ Ka8 28. Nc5 Rd7 29. Bxa6 bxa6 30. Nxa6 Bxa6 31. Rxa6+ Ra7 32. Qxc6+ Kb8 33. Rb6+ Rb7 34. Rxb7+ Qxb7 35. Qxe8+ Ka7 36. Qa4+ Kb8 37. Qb3 1-0

[Event "*** Titled Tuesday Blitz"]
[Site "Chess.com"]
[Date "2020.10.20"]
[Round "9"]
[White "korbul"]
[Black "chessmadara"]
[Result "1/2-1/2"]
[WhiteElo "2518"]
[BlackElo "2210"]
[TimeControl "180+1"]
[EndTime "11:46:16 PDT"]
[Termination "Game drawn by agreement"]

1. e4 c5 2. Nf3 Nc6 3. Bb5 g6 4.
O-O Bg7 5. Re1 e5 6. c3 Nge7 7. a3 O-O 8. b4 cxb4 9. axb4 d5 10. d3 a6 11. h3 Be6 12. Ba4 h6 13. Bb2 Rc8 14.
Nbd2 Kh7 15. Bb3 Ng8 16. exd5 Bxd5 17. Nc4 e4 18. dxe4 Bxc4 19. Bxc4 Qxd1 20. Raxd1 Nxb4 21. cxb4 Bxb2 22. Bd5 Bc3 23. Re2 Bxb4 24. Bxb7 Rc7 25.
Bxa6 Nf6 26. g3 Re8 27. e5 Nd7 28. Bb5 Re7 29. Bxd7 Rcxd7 30. Rxd7 Rxd7 31. e6 fxe6 32. Rxe6 Bc3 33. Kg2 Kg7 34. h4 Bf6 35. Ra6 Rb7 36. g4 Rb4 37. g5 hxg5 38. hxg5 Bxg5 1/2-1/2